 Dungeon Crawl Stone Soup version 0.29.1-1-gd02db6906a (webtiles) character file.

Game seed: 17259879039053845062

371 dave1331 the Chopper (level 6, -1/56 HPs)
             Began as a Hill Orc Fighter on Oct 4, 2022.
             Slain by a gnoll
             ... wielding a +0 spear
             ... led by a gnoll bouda
              (5 damage)
             ... on level 4 of the Dungeon.
             The game lasted 00:10:44 (3905 turns).

dave1331 the Chopper (Hill Orc Fighter)             Turns: 3905, Time: 00:10:45

Health: -1/56      AC: 11    Str: 21    XL:     6   Next: 70%
Magic:  6/6        EV:  9    Int:  8    God:
Gold:   189        SH:  5    Dex: 16    Spells: 5/5 levels left

rFire   . . .      SeeInvis .   a - +0 war axe
rCold   . . .      Faith    .   c - +0 buckler
rNeg    . . .      Spirit   .   b - +0 scale mail
rPois   .          Reflect  .   i - +0 helmet
rElec   .          Harm     .   (no cloak)
rCorr   .          Rampage  .   u - +2 pair of gloves
Will    +....                   (no boots)
Stlth   ..........              r - amulet of magic regeneration
HPRegen 0.18/turn               h - +6 ring of dexterity
MPRegen 0.50/turn               g - ring of willpower

@: mighty, about to teleport
A: no striking features
a: no special abilities


You were on level 4 of the Dungeon.
You visited 1 branch of the dungeon, and saw 4 of its levels.

You collected 189 gold pieces.

Inventory:

Hand Weapons
 a - a +0 war axe (weapon)
Armour
 b - a +0 scale mail (worn)
 c - a +0 buckler (worn)
 i - a +0 helmet (worn)
 u - a +2 pair of gloves (worn)
Jewellery
 g - a ring of willpower (right hand)
 h - a +6 ring of dexterity (left hand)
 r - an amulet of magic regeneration (around neck)
Wands
 l - a wand of iceblast (10)
 w - a wand of polymorph (16)
Scrolls
 j - a scroll of silence
 m - 4 scrolls of identify
 x - a scroll of noise {unknown}
 y - a scroll of fear {unknown}
Potions
 d - a potion of might
 e - a potion of heal wounds {unknown}
 f - 2 potions of cancellation {unknown}
 k - a potion of flight {unknown}
 n - a potion of degeneration {unknown}
 o - 2 potions of haste {unknown}
 p - a potion of resistance {unknown}
 s - a potion of attraction {unknown}
 t - a potion of brilliance {unknown}
 v - a potion of lignification {unknown}


   Skills:
 + Level 5.0 Fighting
 + Level 5.7 Axes
 + Level 4.9 Armour
 + Level 0.4 Dodging
 + Level 0.2 Stealth
 + Level 4.5 Shields


You had 5 spell levels left.
You didn't know any spells.
Your spell library contained the following spells:

 Spells                   Type           Power      Damage    Failure   Level
 Gell's Gravitas          Tloc           0%         N/A       99%         3
 Lesser Beckoning         Tloc           0%         N/A       99%         3
 Teleport Other           Tloc           0%         N/A       99%         3


Dungeon Overview and Level Annotations

Branches:
Dungeon (4/15)
 Temple: D:4-7

Altars:
Kikubaaqudgha
Zin

Shops:
D:3 (

Annotations:
D:3 1 runed translucent door, Crazy Yiuf


Message History

You are frozen.
Things that are here:
a +0 whip; a +0 leather armour; a wand of flame (22)
You barely miss the gnoll. You hit the gnoll but do no damage.
You slash the endoplasm!
You kill the endoplasm!
You closely miss the gnoll. The gnoll hits you with a +0 spear. x2
The gnoll barely misses you.
You hit the gnoll.
The gnoll is heavily wounded.
You hit the gnoll but do no damage. You slash the gnoll!
The gnoll is no longer moving quickly.
The gnoll hits you with a +0 spear. The gnoll barely misses you.
The gnoll hits you with a +0 halberd. The gnoll hits you with a +0 spear.
* * * LOW HITPOINT WARNING * * *
The gnoll closely misses you. The gnoll hits you but does no damage.
The gnoll is no longer moving quickly.
The gnoll hits you from afar with a +0 spear.
* * * LOW HITPOINT WARNING * * *
The gnoll hits you but does no damage.
The gnoll hits you from afar with a +0 halberd.
* * * LOW HITPOINT WARNING * * *
The gnoll is no longer moving quickly.
You feel very mighty all of a sudden. The gnoll hits you but does no damage.
As you read the scroll of teleportation, it crumbles to dust.
You feel strangely unstable.
The gnoll hits you from afar with a +0 spear!
* * * LOW HITPOINT WARNING * * *
The gnoll barely misses you. The hound closely misses you.
Your surroundings seem slightly different.
The hound stops to sniff the ground.
As you read the scroll of teleportation, it crumbles to dust.
You feel strangely unstable. The hound closely misses you.
The hound barely misses you.
The gnoll hits you from afar with a +0 spear.
* * * LOW HITPOINT WARNING * * *
The gnoll hits you from afar with a +0 spear.
You die...

......................###
......................#
.........#.....###..#.#..
.......##....##. ##.#....
.......#...## .##....#.#
...........# .........##
.####.#..#.#. ##.....#..# #####.
.#...##....#.###.##..##..# ......
......#.........@hgg.....##......
..................g.....$#)......
......###...<....§........)......
##.#### #...............###......
#..# #...........##..# ......
#..# ##........##..## ......
##.## #.........#.## ##....
....## ##..†........# #...
.....#####............#~ .#.


You could see a hound and 3 gnolls.

Vanquished Creatures
  2 hounds
  A gnoll bouda (D:4)
  Ijyb (D:3)
  Terence (D:3)
  Natasha (thrice) (D:4)
  3 gnolls
  4 adders
  3 worms
  2 dart slugs
  4 orcs (D:3)
  6 ball pythons
  10 endoplasms
  A giant cockroach (D:2)
  7 goblins
  10 hobgoblins
  6 jackals
  A quokka (D:2)
  4 bats
  3 frilled lizards
  4 kobolds
  7 rats
83 creatures vanquished.

Vanquished Creatures (others)
  5 plants (D:2)
5 creatures vanquished.

Grand Total: 88 creatures vanquished

Notes
Turn   | Place    | Note
-------+----------+-------------------------------------------
     0 | D:1      | dave1331 the Hill Orc Fighter began the quest for the Orb.
     0 | D:1      | Reached XP level 1. HP: 19/19 MP: 1/1
   265 | D:1      | Reached XP level 2. HP: 27/27 MP: 2/2
   326 | D:1      | Found a faded altar of an unknown god.
   583 | D:1      | Reached XP level 3. HP: 34/34 MP: 3/3
  1430 | D:2      | Reached XP level 4. HP: 35/41 MP: 4/4
  1474 | D:2      | Found an ancient bone altar of Kikubaaqudgha.
  2446 | D:3      | Noticed Ijyb
  2450 | D:3      | Reached XP level 5. HP: 42/47 MP: 5/5
  2457 | D:3      | Killed Ijyb
  2781 | D:3      | Found Sirul's Weapon Shoppe.
  2895 | D:3      | Noticed Terence
  2917 | D:3      | Killed Terence
  3210 | D:3      | Found a runed translucent door.
  3211 | D:3      | Noticed Crazy Yiuf
  3299 | D:3      | Found a glowing silver altar of Zin.
  3473 | D:4      | Reached XP level 6. HP: 52/55 MP: 6/6
  3475 | D:4      | Reached skill level 5 in Axes
  3491 | D:4      | Noticed Natasha
  3500 | D:4      | Killed Natasha
  3813 | D:4      | Noticed Natasha
  3824 | D:4      | Killed Natasha
  3832 | D:4      | Noticed Natasha
  3837 | D:4      | Killed Natasha
  3888 | D:4      | Reached skill level 5 in Fighting
  3905 | D:4      | Slain by a gnoll

Illustrated notes

Levels and vault maps discovered:
D:1:      wander_arrival_lonely_grave, layout_basic,
          shapermc_ecumenical_altar_flowoftime, minmay_tree_intersection,
          nicolae_concentric_dashed_squares_wild
D:2:      layout_rooms, basic_altar, serial_bayou_lagoon_a, minmay_cut_off
D:3:      layout_rooms, zin_statuary, serial_shops, nicolae_diamond_shop,
          uniq_ijyb, uniq_crazy_yiuf_cottage, uniq_terence
D:4:      layout_cave_pools, serial_rivers, chequers_serial_rivers_room_b,
          chequers_serial_rivers_micro_d, chequers_serial_rivers_room_b,
          chequers_serial_rivers_micro_b, uniq_natasha

Skill      XL: |  1  2  3  4  5  6 |
---------------+-------------------+-----
Fighting       | 4 5 |  5.0
Axes           | 3 4 5 |  5.7
Armour         | 4 |  4.9
Shields        | 4 |  4.5
Dodging        | |  0.4
Stealth        | |  0.2

Action                   |  1- 3 |  4- 6 || total
-------------------------+-------+-------++-------
Melee: War axe           |    90 |   158 ||   248
Evoke: Wand              |       |     1 ||     1
  Use: Scroll            |     2 |     7 ||     9
       Potion            |       |     2 ||     2
Armor: Scale mail        |    55 |    77 ||   132
Dodge: Dodged            |    61 |    89 ||   150
Block: Buckler           |    27 |    51 ||    78
